 Dungeon Crawl Stone Soup version 0.28-b1-1-g3c77fb2ed1 (webtiles) character file.

Game seed: 4585411420220171951

4 cbfl8 the Sneak (level 1, -5/20 HPs)
             Began as a Minotaur Delver on Jan 30, 2022.
             Slain by an iguana (12 damage)
             ... on level 4 of the Dungeon.
             The game lasted 00:00:56 (331 turns).

cbfl8 the Sneak (Minotaur Delver)                    Turns: 331, Time: 00:00:57

Health: -5/20      AC:  5    Str: 16    XL:     1   Next: 50%
Magic:  0/0        EV: 11    Int:  7    God:
Gold:   22         SH:  0    Dex: 11    Spells: 0/0 levels left

rFire   . . .      SeeInvis .   a - +0 hand axe
rCold   . . .      Faith    .   (no shield)
rNeg    . . .      Spirit   .   d - +0 ring mail
rPois   .          Reflect  .   (helmet restricted)
rElec   .          Harm     .   (no cloak)
rCorr   .          Rampage  .   (no gloves)
Will    .....                   (no boots)
Stlth   ++........              (no amulet)
HPRegen 0.06/turn               (no ring)
MPRegen 0.07/turn               (no ring)

@: no status effects
A: horns 2, retaliatory headbutt
a: no special abilities


You were on level 4 of the Dungeon.
You visited 1 branch of the dungeon, and saw 2 of its levels.

You collected 22 gold pieces.

Inventory:

Hand Weapons
 a - a +0 hand axe (weapon)
Armour
 b - a +0 leather armour
 d - a +0 ring mail (worn)
Wands
 g - a wand of digging (3)
 h - a wand of acid (11)
Scrolls
 c - a scroll of fog
 e - a scroll of fear
 i - a scroll of noise {unknown}
Potions
 f - a potion of haste


   Skills:
 + Level 3.6 Fighting
 + Level 2.4 Axes
 + Level 2.2 Dodging
 + Level 4.2 Stealth


You couldn't memorise any spells.
You didn't know any spells.
Your spell library was empty.

Dungeon Overview and Level Annotations

Branches:
Dungeon (5/15)             Temple (0/1) D:5

Altars:


Innate Abilities, Weirdness & Mutations

You have a pair of horns on your head.
You reflexively headbutt those who attack you in melee.


Message History

You open the door.
There is an open door here.
Found a ring mail.
Found a sharpened wooden wand and a leather armour.
You see here a +0 ring mail.
d - a +0 ring mail
Found 3 gold pieces.
h - a wand of acid (11)
You now have 22 gold pieces (gained 3).
You see here a +0 leather armour.
Found a stone staircase leading up.
There is a stone staircase leading up here.
You climb upwards.
There is a stone staircase leading down here.
You start removing your armour.
You continue taking off your +0 leather armour. x4
You finish taking off your +0 leather armour.
You start putting on your armour.
You continue putting on your +0 ring mail. x5
You finish putting on your +0 ring mail.
Okay, then.
Found a scroll labelled BUAHA KOYLA.
i - a scroll labelled BUAHA KOYLA An iguana comes into view.
The iguana hisses angrily.
The iguana bites you.
You barely miss the iguana.
The iguana bites you but does no damage.
The iguana barely misses you.
You hit the iguana.
The iguana is lightly wounded.
The iguana barely misses you. You furiously retaliate!
You headbutt the iguana. You barely miss the iguana.
Your headbutt misses the iguana.
The iguana is moderately wounded.
The iguana bites you!
You hit the iguana but do no damage. You headbutt the iguana!
The iguana is severely wounded.
The iguana bites you!
Ouch! That really hurt!
You die...

#... #..# ...
#..# ..# #..#
..# #..# ..#
#..# ..#
#..##..#
#...#..#
##..@l.#####
##..........
#>..........
#..#........
#.####.######
#.# ..# #.#
#.# #.. ..
#.. ...


You could see an iguana.

Vanquished Creatures
  2 orcs (D:5)
2 creatures vanquished.

Notes
Turn   | Place    | Note
-------+----------+-------------------------------------------
     0 | D:5      | cbfl8 the Minotaur Delver began the quest for the Orb.
     0 | D:5      | Reached XP level 1. HP: 19/19 MP: 0/0
    28 | D:4      | Noticed an orc priest
    28 | D:4      | Noticed an orc wizard
   325 | D:4      | Noticed an iguana
   331 | D:4      | Slain by an iguana

Illustrated notes

Levels and vault maps discovered:
D:4:      layout_layer_cave, mainiacjoe_overflow_chevrons,
          nicolae_qazlal_scattered_showers, gammafunk_ghost_cemetery,
          st_stairs_10
D:5:      layout_loops_corners, minmay_temple_entry_enclosed_plants,
          corexii_item_surrounded_by_moat, kennysheep_generic_room_14

Action                   || total
-------------------------++-------
Melee: Hand axe          ||     8
       Headbutt          ||     1
  Use: Scroll            ||     1
Armor: Leather armour    ||     2
       Ring mail         ||     1
Dodge: Dodged            ||     4
